massix, neutral female human Healer ------------- |........<..+ -------# ### ------------- |...........| |.....|#######.`....%....`| |...........-### |......###### |.....`...%.| ------------- # |.....| # |...-----).): ##....... ....| .....| |.....| |..`|{.{|`..| ------- |...|.{ |...| |...-----...| |.....`.F@..| |`.....fs..`| ------------- massix the Empiric Experience level: 5 Strength: 9 Dexterity: 8 Constitution: 15 Intelligence: 10 Wisdom: 17 Charisma: 16 Health: 0(39) Energy: 9(32) Def: 3 Gold: 185 Moves: 1521 Dungeon seed: Rvq0jrWqFltu7pae Game ID: massix_1555673877 Your Inventory: Coins $ - 185 gold pieces Weapons a - a +0 scalpel (weapon in hand) l - a cursed rusty +0 mace o - a +0 axe (alternate weapon; not wielded) Armor e - an uncursed +1 pair of leather gloves (being worn) z - an uncursed +0 orcish helm (being worn) N - an uncursed +0 pair of iron shoes Comestibles p - 3 uncursed food rations u - an uncursed food ration D - an uncursed partly eaten food ration Scrolls v - a blessed scroll of earth I - a blessed scroll of blank paper J - a cursed scroll of blank paper K - 2 uncursed scrolls of blank paper Spellbooks h - a blessed spellbook of healing i - a blessed spellbook of extra healing j - a blessed spellbook of stone to flesh Potions c - 2 uncursed potions of healing f - a blessed potion of extra healing r - an uncursed potion of oil F - an uncursed potion of gain level Rings m - an uncursed ring of protection from shape changers (on left hand) Wands g - a wand of sleep (1:3) H - a wand of speed monster (0:5) Tools b - an uncursed stethoscope n - an uncursed bell G - an uncursed skeleton key Gems q - 2 uncursed worthless pieces of red glass y - 2 uncursed fluorite stones Spells and supernatural/magical abilities: Name Level Category Fail Memory h - healing 1 healing 0% 93% x - extra healing 3 healing 5% 93% S - stone to flesh 3 healing 27% 93% W - pray for help -- divine ? -- Your skills at the end: Fighting Skills Weapon Skills knife [Basic] Spellcasting Skills healing spells [Basic] Final Attributes: You were piously aligned. You were poison resistant. You were protected from shape changers. You were lucky. You are dead. Vanquished creatures: a large mimic a gnome lord 2 paper golems a homunculus a kobold lord 2 rothes 4 dwarf zombies 2 coyotes a hobbit 2 large kobolds a hobgoblin 2 giant rats a yellow mold 2 garter snakes a gecko a jackal a fox a goblin 4 grid bugs 3 lichens 2 kobold zombies a newt 37 creatures vanquished. Voluntary challenges: You were an atheist. You used a wielded weapon 98 times, starting on turn 83. You read items or engraved 2 times, starting on turn 743. You never genocided any monsters. You never polymorphed an object. You never changed form. You used no wishes. You never split a pudding. You never wrote Elbereth's name. You never violated your personal moral code. Dungeon overview: The Dungeons of Doom: levels 1 to 5 Level 1 a long staircase Level 2 Level 3 a general store Level 4 a fountain a long staircase Level 5 <- You were here some fountains History has recorded: On T:1 you entered the Dungeons of Doom to retrieve the Amulet of Yendor! On T:203 you reached level 2 of The Dungeons of Doom. On T:376 you advanced to experience level 2. On T:494 you reached level 3 of The Dungeons of Doom. On T:764 you advanced to experience level 3. On T:814 you advanced to experience level 4. On T:1009 you reached level 4 of The Dungeons of Doom. On T:1423 you reached level 5 of The Dungeons of Doom. On T:1483 you advanced to experience level 5. Score breakdown: Gold: 0 ( 0 points) Experience: 5 levels (11141 points) Exploration: 5 levels ( 10.20%) ( 8660 points) Discoveries: 4 items ( 1.37%) ( 3511 points) Valuables value: (no points given unless you survive) Artifact value: 0 ( 0 points) Variety of kills: 22 monsters ( 5.77%) ( 7208 points) Turncount: 1521 turns ( 0 points) Survival: died (score multiplied by 80%) Total score: 24416 Latest messages: You see here a statue of a plains centaur. (2x) You hit the shrieker. You miss the shrieker. (2x) You hit the shrieker. You miss the giant spider. The giant spider bites! You miss the giant spider. The shrieker shrieks. The shrieker bumps right into you! The giant spider bites! (2x) You feel better. The giant spider bites! The giant spider's bite was poisoned, but doesn't affect you. You stop running. You hit the giant spider. The giant spider bites! (2x) You hit the giant spider. The giant spider bites! The giant spider's bite was poisoned, but doesn't affect you. You die... Final status: Goodbye massix the Healer, killed by a giant spider... You died in The Dungeons of Doom on dungeon level 5 with 24416 points, and 185 pieces of gold, after 1521 moves. You were level 5 with a maximum of 39 hit points when you died.